 Dungeon Crawl Stone Soup version 0.28-a0-1638-g9123634e07 (webtiles) character file.

Game seed: 18343792706996209938

21985 Ajdolov the Bludgeoner (level 12, -14/107 HPs)
             Began as a Minotaur Fighter on Jan 25, 2022.
             Was the Champion of Okawaru.
             Constricted to death by Jorgrun (15 damage)
             ... on level 12 of the Dungeon.
             The game lasted 00:34:26 (11259 turns).

Ajdolov the Bludgeoner (Minotaur Fighter)          Turns: 11259, Time: 00:34:27

Health: -14/107    AC: 15    Str: 25    XL:     12   Next: 59%
Magic:  14/14      EV: 10    Int:  5    God:    Okawaru [******]
Gold:   819        SH:  5    Dex: 11    Spells: 11/11 levels left

rFire   . . .      SeeInvis .   p - +0 morningstar
rCold   . . .      Faith    .   c - +0 buckler
rNeg    . . .      Spirit   .   A - +3 chain mail {rPois}
rPois   +          Reflect  .   (helmet restricted)
rElec   .          Harm     .   (no cloak)
rCorr   +          Rampage  .   (no gloves)
Will    .....                   j - +0 pair of boots
Stlth   ..........              h - amulet of regeneration
HPRegen 1.07/turn               y - +4 ring of evasion
MPRegen 0.14/turn               B - ring of resist corrosion

@: grasped by roots, hasted, constricted, very quick
A: horns 2, retaliatory headbutt
a: Renounce Religion, Heroism, Finesse, Duel


You were on level 12 of the Dungeon.
You worshipped Okawaru.
Okawaru was exalted by your worship.
You visited 2 branches of the dungeon, and saw 13 of its levels.

You collected 819 gold pieces.

Inventory:

Hand Weapons
 p - a +0 morningstar (weapon)
Missiles
 b - a silver javelin
 l - a javelin
 E - 5 atropa-tipped darts (quivered)
Armour
 c - a +0 buckler (worn)
 j - a +0 pair of boots (worn)
 A - a +3 chain mail of poison resistance (worn)
Jewellery
 h - an amulet of regeneration (around neck)
 y - a +4 ring of evasion (left hand)
 B - a ring of resist corrosion (right hand)
 G - an amulet of magic regeneration
 H - a +4 ring of slaying
Wands
 m - a wand of acid (5)
 v - a wand of iceblast (17)
 D - a wand of flame (3)
Scrolls
 a - a scroll of immolation
 f - a scroll of blinking {unknown}
 g - 5 scrolls of teleportation
 i - 2 scrolls of enchant armour
 k - 4 scrolls of noise
 n - 2 scrolls of amnesia
 r - 2 scrolls of fog {unknown}
 s - 3 scrolls of brand weapon
 t - 2 scrolls of vulnerability {unknown}
 C - 5 scrolls of identify
Potions
 d - 4 potions of might
 e - a potion of brilliance {unknown}
 o - 2 potions of degeneration
 q - 3 potions of curing
 u - a potion of haste
 w - a potion of berserk rage
 x - 3 potions of mutation
 z - 2 potions of resistance
 F - 2 potions of cancellation {unknown}


   Skills:
 * Level 10.4 Fighting
 - Level 16.0 Maces & Flails
 - Level 10.8 Throwing
 + Level 7.3 Armour
 - Level 4.2 Dodging
 - Level 7.1 Shields
 * Level 4.5 Invocations


You had 11 spell levels left.
You didn't know any spells.
Your spell library contained the following spells:

 Spells                   Type           Power      Damage    Failure   Level
 Freeze                   Ice            0%         1d3       98%         1
 Pain                     Necr           0%         1d4       98%         1
 Ensorcelled Hibernation  Hex/Ice        0%         N/A       99%         2
 Sublimation of Blood     Necr           0%         N/A       99%         2
 Frozen Ramparts          Ice            0%         1d2       100%        3
 Spider Form              Tmut/Pois      0%         N/A       100%        3
 Vampiric Draining        Necr           0%         2d6       100%        3
 Anguish                  Hex/Necr       0%         N/A       100%        4
 Hailstorm                Conj/Ice       0%         3d3       100%        4
 Petrify                  Tmut/Erth      0%         N/A       100%        4
 Irradiate                Conj/Tmut      0%         3d14      100%        5
 Animate Skeleton         Necr           Unusable   N/A       N/A         1

Dungeon Overview and Level Annotations

Branches:
Dungeon (12/15)            Temple (1/1) D:5            Lair (0/6) D:11
    Orc (0/2) D:11

Altars:
Ashenzari
Cheibriados
Dithmenos
Elyvilon
Fedhas
Gozag
Hepliaklqana
Kikubaaqudgha
Makhleb
Nemelex Xobeh
Okawaru
Qazlal
Ru
Sif Muna
Trog
Uskayaw
Vehumet
Wu Jian
Xom
Yredelemnul
Zin
The Shining One

Shops:
D:4 (

Annotations:
D:12 Jorgrun


Innate Abilities, Weirdness & Mutations

You have a pair of horns on your head.
You reflexively headbutt those who attack you in melee.


Message History

You hear the steady crackling of a very distant melting archway.
Jorgrun gestures at you while chanting.
You struggle to resist.
Your limbs are stiffening.
Unknown command.
Okay, then.
You sock Jorgrun!
Jorgrun is lightly wounded.
Jorgrun casts a spell at you.
You struggle to resist.
You have turned to stone.
Jorgrun hits you with a staff of earth! Jorgrun hits you with a staff of earth.
Jorgrun hits you with a staff of earth. Jorgrun shatters you.
Jorgrun hits you with a staff of earth. Jorgrun shatters you!
Jorgrun points at you and mumbles some strange words.
Roots burst forth from the earth!
The grasping roots grab you! The grasping roots constrict you!
Jorgrun says, "I've ne'er se'n tha particular type o' rock formation 'fore."
Jorgrun hits you with a staff of earth. The grasping roots constrict you.
Jorgrun hits you with a staff of earth. The grasping roots constrict you!
You turn to flesh and can move again.
You miss Jorgrun. Your headbutt misses Jorgrun.
Jorgrun is lightly wounded.
You block Jorgrun's attack. The grasping roots constrict you!
You miss Jorgrun. Your headbutt misses Jorgrun.
Jorgrun is lightly wounded.
You miss Jorgrun.
Jorgrun is lightly wounded.
Jorgrun closely misses you. The grasping roots constrict you!
* * * LOW HITPOINT WARNING * * *
You impale Jorgrun!!
Jorgrun is lightly wounded.
Jorgrun closely misses you. The grasping roots constrict you!
* * * LOW HITPOINT WARNING * * *
You feel yourself speed up. Jorgrun hits you with a staff of earth!
* * * LOW HITPOINT WARNING * * *
Jorgrun shatters you!
* * * LOW HITPOINT WARNING * * *
The grasping roots constrict you!
You die...

#........##..# #.
#........##..# #.
#........##..# #.
#............#####.
#..................
#............####..
#........##..# #..
#........##..# #..
#.@#.##..##..# #..
#.g.###..##..# #..
#.(## #..##..# #..
#(## #.. #.# #..
#.# #.. #.# #.. #.
#.. #..


You could see Jorgrun.

Vanquished Creatures
  A boulder beetle (D:11)
  2 centaur warriors
  3 two-headed ogres
  2 tengu warriors (D:11)
  A deep elf pyromancer (D:12)
  3 cyclopes
  An ugly thing (D:11)
  2 manticores
  A gargoyle (D:12)
  2 komodo dragons
  3 kobold demonologists
  A troll (D:11)
  8 slime creatures
  Sigmund (D:3)
  3 shadows
  20 yaks
  2 wraiths (D:11)
  A wyvern (D:9)
  Eustachio (D:6)
  3 vampire mosquitoes
  2 steam dragons
  An acid dragon (D:11)
  A swamp worm (D:8)
  Duvessa (D:7)
  2 water moccasins (D:6)
  9 orc warriors
  A sky beast (D:5)
  2 ice beasts
  A black bear (D:11)
  6 centaurs
  2 phantoms
  4 kobold brigands (D:8)
  3 scorpions
  2 wyvern skeletons
  Dowan (D:7)
  5 killer bees
  3 wights (D:8)
  10 centaur zombies
  A crimson imp (D:10)
  A jelly (D:5)
  3 centaur skeletons
  A hound (D:7)
  A bullfrog skeleton (D:6)
  9 orc priests
  An iguana (D:5)
  14 orc wizards
  A killer bee zombie (D:7)
  A howler monkey zombie (D:8)
  3 adders
  3 shadow imps
  2 white imps
  2 adder zombies (D:5)
  3 worms
  2 dart slugs
  24 orcs
  7 bats
  5 endoplasms
  3 giant cockroaches
  8 goblins
  8 hobgoblins
  10 jackals
  4 quokkas
  6 ball pythons
  2 frilled lizards (D:2)
  49 kobolds
  8 kobold skeletons (D:8)
  9 kobold zombies (D:8)
  9 rats
317 creatures vanquished.

Vanquished Creatures (others)
  2 fungi (D:11)
  11 plants
13 creatures vanquished.

Grand Total: 330 creatures vanquished

Notes
Turn   | Place    | Note
-------+----------+-------------------------------------------
     0 | D:1      | Ajdolov the Minotaur Fighter began the quest for the Orb.
     0 | D:1      | Reached XP level 1. HP: 19/19 MP: 0/0
   278 | D:1      | Reached skill level 3 in Maces & Flails
   278 | D:1      | Reached XP level 2. HP: 22/27 MP: 1/1
   940 | D:2      | Reached XP level 3. HP: 33/33 MP: 2/2
  1666 | D:3      | Reached skill level 4 in Maces & Flails
  1806 | D:3      | Reached XP level 4. HP: 40/40 MP: 3/3
  2138 | D:3      | Noticed Sigmund
  2169 | D:3      | Killed Sigmund
  2170 | D:3      | Reached skill level 5 in Fighting
  2170 | D:3      | Reached skill level 5 in Maces & Flails
  2170 | D:3      | Reached skill level 5 in Shields
  2170 | D:3      | Reached XP level 5. HP: 24/48 MP: 4/4
  2524 | D:3      | Reached XP level 6. HP: 49/56 MP: 5/5
  2615 | D:4      | Found Eforchao's Firing Range.
  2738 | D:4      | Reached skill level 6 in Maces & Flails
  2768 | D:4      | Reached skill level 1 in Throwing
  3036 | D:4      | Found an opulent altar of Gozag.
  3267 | D:5      | Entered Level 5 of the Dungeon
  3270 | D:5      | Found a staircase to the Ecumenical Temple.
  3279 | Temple   | Entered the Ecumenical Temple
  3405 | Temple   | Became a worshipper of Warmaster Okawaru
  3586 | D:5      | Noticed a sky beast
  3591 | D:5      | Killed a sky beast
  3592 | D:5      | Reached skill level 7 in Maces & Flails
  3592 | D:5      | Reached XP level 7. HP: 55/61 MP: 6/6
  3999 | D:5      | Reached * piety under Okawaru
  4482 | D:6      | Noticed Eustachio
  4537 | D:6      | Killed Eustachio
  4538 | D:6      | Reached skill level 8 in Maces & Flails
  4861 | D:6      | Reached XP level 8. HP: 54/68 MP: 7/7
  4910 | D:6      | Found a glowing silver altar of Zin.
  4935 | D:6      | Identified the +6 great sword "Wycal" {flame, Will+ Dex+5}
  4998 | D:6      | Reached ** piety under Okawaru
  4999 | D:6      | Reached skill level 9 in Maces & Flails
  5285 | D:7      | Noticed Dowan
  5287 | D:7      | Noticed Duvessa
  5297 | D:7      | Killed Duvessa
  5304 | D:7      | Killed Dowan
  5542 | D:7      | Reached skill level 10 in Maces & Flails
  5772 | D:7      | Found a hazy altar of Hepliaklqana.
  6103 | D:8      | Reached skill level 5 in Throwing
  6130 | D:8      | Reached XP level 9. HP: 71/74 MP: 8/8
  6154 | D:8      | Reached *** piety under Okawaru
  6198 | D:8      | Found an ancient bone altar of Kikubaaqudgha.
  6198 | D:8      | Noticed a kobold demonologist
  6212 | D:8      | Noticed an ice devil
  6213 | D:8      | Noticed an ice devil
  6255 | D:8      | Reached skill level 11 in Maces & Flails
  6617 | D:8      | Reached skill level 12 in Maces & Flails
  6763 | D:8      | Killed a kobold demonologist
  6763 | D:8      | Reached **** piety under Okawaru
  6913 | D:9      | Noticed a kobold demonologist
  6919 | D:9      | Killed a kobold demonologist
  7001 | D:9      | Reached skill level 13 in Maces & Flails
  7187 | D:9      | Received a gift from Okawaru
  7188 | D:9      | Reached XP level 10. HP: 70/81 MP: 9/9
  7219 | D:9      | Reached ***** piety under Okawaru
  7610 | D:9      | Noticed a two-headed ogre
  7617 | D:9      | Killed a two-headed ogre
  7618 | D:9      | Reached skill level 14 in Maces & Flails
  7782 | D:9      | Received a gift from Okawaru
  7869 | D:9      | Reached skill level 15 in Maces & Flails
  8047 | D:10     | Entered Level 10 of the Dungeon
  8051 | D:10     | Found a broken altar of Ashenzari.
  8388 | D:10     | Reached XP level 11. HP: 78/86 MP: 10/10
  8562 | D:10     | Found a burning altar of Makhleb.
  8629 | D:10     | Received a gift from Okawaru
  8767 | D:11     | Reached skill level 16 in Maces & Flails
  8927 | D:11     | Reached skill level 10 in Throwing
  9000 | D:11     | Reached ****** piety under Okawaru
  9000 | D:11     | Received a gift from Okawaru
  9241 | D:11     | Reached skill level 1 in Dodging
  9318 | D:11     | Found a staircase to the Orcish Mines.
  9391 | D:11     | Received a gift from Okawaru
  9701 | D:11     | Found a staircase to the Lair.
  9934 | D:11     | Noticed a tengu warrior
  9941 | D:11     | Noticed a tengu warrior
  9943 | D:11     | Noticed a two-headed ogre
  9951 | D:11     | Killed a tengu warrior
  9952 | D:11     | Reached skill level 5 in Armour
 10041 | D:11     | Killed a tengu warrior
 10160 | D:11     | Noticed a boulder beetle
 10179 | D:11     | Noticed a two-headed ogre
 10238 | D:11     | Killed a boulder beetle
 10238 | D:11     | Received a gift from Okawaru
 10239 | D:11     | Reached XP level 12. HP: 55/102 MP: 11/11
 10361 | D:11     | Killed a two-headed ogre
 10488 | D:11     | Reached skill level 1 in Invocations
 10521 | D:11     | Killed a two-headed ogre
 10555 | D:11     | Noticed a centaur warrior
 10667 | D:11     | Killed a centaur warrior
 10667 | D:11     | Identified the +1 robe of Burning Fun {+Blink Archmagi}
                  | (Okawaru gifted it to you on level 11 of the Dungeon)
 10667 | D:11     | Received a gift from Okawaru
 10956 | D:12     | Found a white marble altar of Elyvilon.
 10958 | D:12     | Noticed a centaur warrior
 10970 | D:12     | Killed a centaur warrior
 10971 | D:12     | Reached skill level 10 in Fighting
 11237 | D:12     | Noticed Jorgrun
 11259 | D:12     | HP: 1/107 [Jorgrun (12)]
 11259 | D:12     | Constricted to death by Jorgrun

Illustrated notes

Levels and vault maps discovered:
D:1:      wander_arrival_chamber, layout_basic
D:2:      layout_basic, minmay_unequal
D:3:      layout_loops_ring, serial_forest, infiniplex_forest_end_double,
          infiniplex_forest_lined_2, infiniplex_forest_clump_tiny,
          infiniplex_forest_straight_1, infiniplex_forest_clump_double,
          infiniplex_forest_split, infiniplex_forest_end_3,
          minmay_pentomino_pile, uniq_sigmund
D:4:      layout_loops_ring, grunt_gozag_statues, nicolae_shop_firing_range
D:5:      layout_basic, minmay_temple_entry_statues_fountains
D:6:      layout_loops_ring, zin_statuary, grunt_tough_drop, uniq_eustachio
D:7:      layout_loops_corners, mainiacjoe_overflow_alcove_4, uniq_duvessa
D:8:      wander_kiku_kobolds, layout_rooms, worms_lemuel
D:9:      layout_loops_corners
D:10:     layout_cave_pools, mainiacjoe_overflow_alcove_2,
          kennysheep_little_box, minmay_fire_ice_demons
D:11:     kennysheep_windowed_halls, layout_long_grid,
          grunt_lair_entry_orc_guard_hut, david_orc_4
D:12:     layout_long_grid, portal_ice_cave_entry_ice_simulacra,
          nicolae_elyvilon_peaceful_grove, uniq_jorgrun
Temple:   minmay_crystal_spiral_temple

Skill      XL: |  1  2  3  4  5  6  7  8  9 10 11 12 |
---------------+-------------------------------------+-----
Maces & Flails | 3 4 5 7 8 10 13 15 16 | 16.0
Shields        | 4 5 6 7 |  7.1
Fighting       | 4 5 8 10 | 10.4
Throwing       | 2 3 5 7 8 10 | 10.8
Dodging        | 3 4 |  4.2
Armour         | 5 7 |  7.3
Invocations    | 4 |  4.5

Action                   |  1- 3 |  4- 6 |  7- 9 | 10-12 || total
-------------------------+-------+-------+-------+-------++-------
Melee: Flail             |   102 |       |       |       ||   102
       Headbutt          |    11 |    18 |    59 |   162 ||   250
       Morningstar       |     5 |   115 |   330 |   609 ||  1059
Throw: Javelin           |       |       |     1 |     1 ||     2
       Dart              |       |       |       |    24 ||    24
Evoke: Wand              |       |       |       |     2 ||     2
  Use: Potion            |       |     3 |       |     1 ||     4
       Scroll            |       |       |    10 |     1 ||    11
 Stab: Invisible         |       |       |       |     7 ||     7
Armor: Scale mail        |    30 |       |       |       ||    30
       Chain mail        |    25 |    61 |   140 |   234 ||   460
Dodge: Dodged            |    61 |    36 |   151 |   248 ||   496
Block: Buckler           |    29 |    25 |    82 |   111 ||   247

Table legend: (Time is in decaauts)
 A = Elapsed time spent in this place.
 B = Non-inter-level travel time spent in this place.
 C = Inter-level travel time spent in this place.
 D = Time resting spent in this place.
 E = Time spent auto-exploring this place.
 F = Levels seen in this place.
 G = Mean time per level.
                   A        B        C        D        E       F      G
               +--------+--------+--------+--------+--------+-----+--------+
         Total |  11194 |  10701 |    493 |    541 |   7327 |  13 |  861.1 |
       Dungeon |  10986 |  10573 |    413 |    541 |   7221 |  12 |  915.5 |
        Temple |    207 |    127 |     80 |      0 |    106 |   1 |  207.0 |
               +--------+--------+--------+--------+--------+-----+--------+

Top non-repeatable levels by time:
    D:11: 1976 daAuts
     D:9: 1104 daAuts
     D:3: 1008 daAuts
     D:7: 954 daAuts
     D:5: 942 daAuts
     D:1: 841 daAuts
     D:8: 817 daAuts
     D:2: 810 daAuts
     D:6: 766 daAuts
    D:10: 684 daAuts
     D:4: 664 daAuts
    D:12: 416 daAuts
  Temple: 207 daAuts
